 Dungeon Crawl Stone Soup version 0.31-a0-1074-g0b22e4e0f1 (webtiles) character file.

Game seed: 13124544580829640518

4 IdlyInterested the Changeling (level 1, -3/22 HPs)
             Began as a Demonspawn Shapeshifter on Dec 1, 2023.
             Killed from afar by a dart slug (5 damage)
             ... with a slug dart
             ... on level 1 of the Dungeon.
             The game lasted 00:00:58 (97 turns).

IdlyInterested the Changeling (DsSh)                  Turns: 97, Time: 00:01:00

Health: -3/22      AC: 20    Str: 14    XL:     1   Next: 50%
Magic:  1/1        EV:  2    Int: 11    God:
Gold:   10         SH:  0    Dex: 12    Spells: 0/0 levels left

rFire   . . .        e - +2 short sword (protect)
rCold   . . .        (no shield)
rNeg    . . .        a - melded +0 animal skin
rPois   +            (helmet currently unavailable)
rElec   .            (cloak currently unavailable)
rCorr   .            (gloves currently unavailable)
SInv    .            (boots currently unavailable)
Will    .....        (no amulet)
Stlth   +            (no ring)
HPRegen 0.23/turn    (no ring)
MPRegen 0.07/turn

%: no passive effects
@: tree-form
A: stationary, stasis, torment immunity, boosted hp
a: no special abilities


You were on level 1 of the Dungeon.
You were a tree.
You visited 1 branch of the dungeon, and saw 1 of its levels.

You collected 10 gold pieces.

Inventory:

Hand Weapons
 e - a +2 short sword of protection (weapon)
Armour
 a - a +0 animal skin (melded)
Talismans
 c - a beast talisman
 d - a flux talisman
Scrolls
 f - a scroll of identify {unknown}


   Skills:
 - Level 1.0 Fighting
 - Level 1.7 Dodging
 + Level 2.7 Unarmed Combat
 * Level 2.8 Shapeshifting


You couldn't memorise any spells.
You didn't know any spells.
Your spell library was empty.

Dungeon Overview and Level Annotations

Branches:
Dungeon (1/15)

Altars:


Message History

Your weapon exudes an aura of protection.
You kill the bat!
A quokka comes into view.
A dart slug comes into view.
The dart slug launches a dart at you. The slug dart hits you.
Found a scroll labelled IPREDI VUKONAG.
Found a stone staircase leading down.
The quokka closely misses you. The dart slug launches a dart at you.
The slug dart hits you.
You hit the quokka.
Your weapon exudes an aura of protection.
The quokka is lightly wounded.
The quokka closely misses you.
You miss the quokka.
The quokka is lightly wounded.
The quokka bites you but does no damage.
The quokka closely misses you.
You closely miss the quokka.
The quokka is lightly wounded.
The dart slug launches a dart at you. The slug dart misses you.
The quokka bites you.
You barely miss the quokka. Your punch misses the quokka.
The quokka is lightly wounded.
The quokka bites you. The dart slug launches a dart at you.
The slug dart hits you.
* * * LOW HITPOINT WARNING * * *
You closely miss the quokka.
The quokka is lightly wounded.
The quokka bites you.
* * * LOW HITPOINT WARNING * * *
Your transformation has ended.
You turn into a tree.
Your +0 animal skin melds into your body.
Your roots penetrate the ground.
The quokka bites you but does no damage.
The dart slug launches a dart at you. The slug dart hits you.
You die...

.........#..######...#
..........#.....#...##
...............#
.........##.####
.........##.####
###....#.......#
##...#.......#
............##
.#........♣.#
.........r.#
.....w....#
........### ......#
...... .?>.#. ......


You could see a dart slug and a quokka.

Vanquished Creatures
  A kobold (D:1)
  2 ball pythons (D:1)
  A bat (D:1)
4 creatures vanquished.

Notes
Turn   | Place    | Note
-------+----------+-------------------------------------------
     0 | D:1      | IdlyInterested the Demonspawn Shapeshifter began the quest
                  | for the Orb.
     0 | D:1      | Reached XP level 1. HP: 15/15 MP: 1/1
    48 | D:1      | Found a faded altar of an unknown god.
    97 | D:1      | Killed from afar by a dart slug

Illustrated notes

Levels and vault maps discovered:
D:1:      amcnicky_arrival_underground_garden, layout_rooms,
          hellmonk_ecumenical_altar_zigzags, item_on_display_a

Action                     || total
---------------------------++-------
  Melee: Short sword       ||    16
    Use: Potion            ||     1
 Armour: Animal skin       ||    11
         Skin              ||     2
  Dodge: Dodged            ||     9

Table legend: (Time is in decaauts)
 A = Elapsed time spent in this place.
 B = Non-inter-level travel time spent in this place.
 C = Inter-level travel time spent in this place.
 D = Time resting spent in this place.
 E = Time spent auto-exploring this place.
 F = Levels seen in this place.
 G = Mean time per level.
                   A        B        C        D        E       F      G
               +--------+--------+--------+--------+--------+-----+--------+
         Total |     96 |     96 |      0 |      0 |     51 |   1 |   96.0 |
       Dungeon |     96 |     96 |      0 |      0 |     51 |   1 |   96.0 |
               +--------+--------+--------+--------+--------+-----+--------+

Top non-repeatable levels by time:
     D:1: 96 daAuts
